AoeStats
← Spatana2177

Black Forest

504564060Analyzed
4v4 RM · 28d ago on Sep 5, 2026· 37m 40s· 8 players
Game mode
Random Map
Map size
Large (8 player)
Population
200
Speed
Normal
Resources
Standard
Victory
Conquest
Starting age
Dark Age
Ending age
Imperial Age
RankedLock teamsTeams togetherTeam positionsShared explorationLock speedFull tech treeHidden civsTurbo modeCheats
Victory
Defeat
🇦🇷 Cumans · Argentina
1399
+11
🇵🇱 Vietnamese · Poland
1370
+13
🇦🇷 Vikings · Argentina
1341
+14
🇹🇼 Saracens · Taiwan
1336
+14
🇩🇪 Celts · Germany
1372
-17
🇩🇪 Wu · Germany
1303
-13
🇩🇪 Spanish · Germany
1253
-11
🇩🇪 Bohemians · Germany
1244
-11
Dariusz II
0:36 Loom
13:53 Feudal Age
18:48 Castle Age
17:21 Town Watch
17:31 Horse Collar
17:38 Double-Bit Axe
19:50 Bow Saw
19:46 Heavy Plow
21:49 Fortified Wall
26:41 Crossbowman
27:27 Fletching
27:38 Padded Archer Armor
28:14 Bodkin Arrow
29:19 Ballistics
32:48 Wheelbarrow
34:55 Thumb Ring
35:40 Leather Archer Armor
38:08 Imperial Age
36:28 Gold Mining
38:29 Hand Cart
[BadStart] The Shadow
4:14 Loom
7:01 Loom
9:31 Feudal Age
10:03 Double-Bit Axe
10:50 Fishing Lines
19:42 Wheelbarrow
21:34 Castle Age
20:28 Horse Collar
20:39 Gold Mining
20:40 Stone Mining
21:44 Scale Barding Armor
21:50 Forging
22:30 Heavy Plow
22:40 Bow Saw
23:07 Gold Shaft Mining
22:58 Hand Cart
23:40 Chain Barding Armor
23:34 Bloodlines
24:23 Gillnets
24:00 Capped Ram
25:56 Iron Casting
33:38 Imperial Age
33:57 Elite Steppe Lancer
35:13 Plate Barding Armor
34:44 Siege Ram
36:32 Blast Furnace
taj
11:11 Feudal Age
14:47 Castle Age
14:05 Double-Bit Axe
15:59 Bow Saw
22:42 Horse Collar
25:05 Heavy Plow
30:33 Imperial Age
30:04 Scale Barding Armor
30:09 Forging
31:36 Chain Barding Armor
31:55 Conscription
31:37 Gold Mining
31:37 Stone Mining
32:26 Iron Casting
31:54 Elite Mameluke
34:44 Husbandry
34:55 Bloodlines
34:20 Light Cavalry
36:03 Blast Furnace
35:39 Plate Barding Armor
36:15 Two-Man Saw
35:54 Gold Shaft Mining
35:30 Hussar
37:15 Fletching
38:47 Wheelbarrow
NicoRespeto
1:37 Loom
11:20 Feudal Age
11:25 Feudal Age
15:23 Castle Age
14:24 Double-Bit Axe
17:21 Bow Saw
18:51 Horse Collar
19:41 Gold Mining
20:00 Fishing Lines
20:44 Gillnets
21:39 Heavy Plow
27:01 Imperial Age
25:49 Gold Shaft Mining
27:17 Fletching
27:28 Padded Archer Armor
27:07 Capped Ram
28:12 Bodkin Arrow
28:28 Forging
28:19 Scale Mail Armor
28:21 Crossbowman
28:41 Siege Ram
29:34 Bracer
29:50 Leather Archer Armor
29:36 Stone Mining
30:04 Masonry
31:00 Chemistry
30:21 Ballistics
30:12 Arbalester
31:48 Masonry
33:16 Ring Archer Armor
35:14 Architecture
34:40 Murder Holes
Zufällig
1:44 Loom
10:32 Feudal Age
11:06 Double-Bit Axe
11:02 Horse Collar
12:32 Fishing Lines
18:39 Castle Age
16:29 Gold Mining
16:53 Gold Mining
18:29 Stone Mining
20:22 Caravan
20:34 Bow Saw
20:54 Heavy Plow
21:30 Wheelbarrow
23:26 Hand Cart
24:37 Fervor
29:39 Imperial Age
27:50 Forging
27:42 Scale Mail Armor
28:04 Ballistics
27:41 Murder Holes
27:56 Masonry
29:10 Iron Casting
28:39 Squires
28:25 Arson
28:01 Man-at-Arms
28:02 Pikeman
28:35 Pikeman
29:48 Long Swordsman
30:08 Halberdier
32:24 Chain Mail Armor
32:07 Heavy Hei Guang Cavalry
33:58 Two-Handed Swordsman
KIV.Käpsele
1:10 Loom
11:09 Feudal Age
12:03 Double-Bit Axe
15:56 Castle Age
14:31 Horse Collar
15:58 Town Watch
16:51 Bow Saw
16:24 Horse Collar
18:54 Wheelbarrow
24:40 Heavy Plow
26:41 Scale Mail Armor
26:54 Caravan
30:43 Imperial Age
28:13 Gold Mining
28:31 Scale Mail Armor
28:41 Forging
29:26 Town Patrol
29:40 Forging
30:03 Gambesons
30:03 Arson
31:09 Chain Mail Armor
32:08 Onager
33:28 Plate Mail Armor
33:33 Iron Casting
34:16 Heavy Scorpion
35:48 Iron Casting
35:04 Fletching
Spatana2177
5:34 Loom
11:16 Feudal Age
12:48 Double-Bit Axe
15:09 Castle Age
12:56 Horse Collar
16:10 Heavy Plow
16:44 Fervor
17:52 Sanctity
25:08 Wheelbarrow
28:11 Imperial Age
26:16 Bow Saw
27:19 Scale Mail Armor
27:29 Forging
27:10 Fletching
28:30 Chemistry
28:44 Houfnice
31:06 Two-Man Saw
30:44 Bodkin Arrow
30:51 Padded Archer Armor
32:20 Ballistics
36:49 Bracer
37:04 Leather Archer Armor
37:27 Iron Casting
KIV.Master Dj
0:49 Loom
13:19 Feudal Age
14:41 Double-Bit Axe
18:49 Castle Age
19:37 Wheelbarrow
19:31 Fishing Lines
26:35 Gillnets
26:55 Gold Mining
27:03 Horse Collar
28:18 Bow Saw
33:08 Imperial Age
31:08 Fortified Wall
Connection lost

Rejoining the realm…

Still unreachable

The connection could not be restored.

Session expired

The server has moved on; the page needs a fresh start.